 Dungeon Crawl Stone Soup version 0.30-a0-696-g2367cd04db (webtiles) character file.

Game seed: 53820825633918353

5924 MuteSongbird the Frost Mage (level 10, -1/80 HPs)
             Began as a Grey Draconian Ice Elementalist on Jan 21, 2023.
             Was an Elder of the Shining One.
             Succumbed to a cane toad's poison
             ... on level 1 of the Lair of Beasts.
             The game lasted 01:20:26 (5523 turns).

MuteSongbird the Frost Mage (DrIE)                  Turns: 5523, Time: 01:20:27

Health: -1/80      AC: 16    Str:  9 (11) XL:     10   Next: 53%
Magic:  27/28      EV: 13    Int: 18 (20) God:    the Shining One [****..]
Gold:   503        SH:  0    Dex: 12 (13) Spells: 14/25 levels left

rFire   . . .      SeeInvis .    k - +1 quarterstaff (heavy)
rCold   + . .      Faith    .    (shield currently unavailable)
rNeg    + + .      Spirit   .    (body armour unavailable)
rPois   .          Reflect  .    (helmet restricted)
rElec   .          Harm     .    q - +0 cloak
rCorr   .          Rampage  .    (no gloves)
Will    .....                    g - +2 pair of boots
Stlth   ++                       b - amulet of regeneration
HPRegen 1.13/turn                I - ring of ice
MPRegen 0.21/turn                n - ring of magical power

@: lethally poisoned (-1 -> -35), attractive, glowing
A: AC +12, amphibious, unfitting armour, cold-blooded, thin skeletal structure
1, fire resistance 1, low MP 1
a: Renounce Religion, Divine Shield, Cleansing Flame


You were on level 1 of the Lair of Beasts.
You worshipped the Shining One.
The Shining One was greatly pleased with you.
You visited 2 branches of the dungeon, and saw 9 of its levels.
You also visited: Ossuary.

You collected 503 gold pieces.

Inventory:

Hand Weapons
 f - a +0 dagger
 k - a +1 heavy quarterstaff (weapon)
Armour
 c - a +0 robe
 g - a +2 pair of boots (worn)
 q - a +0 cloak (worn)
Magical Staves
 C - a staff of air
 D - a staff of poison
Jewellery
 b - an amulet of regeneration (around neck)
 d - a +5 ring of evasion
 e - a +6 ring of strength
 j - an amulet of guardian spirit
 l - an amulet of faith
 n - a ring of magical power (right hand)
 E - an amulet of reflection
 H - a ring of flight
 I - a ring of ice (left hand)
Wands
 o - a wand of iceblast (18)
Scrolls
 h - 3 scrolls of enchant armour
 s - a scroll of brand weapon
 t - 2 scrolls of teleportation
 u - a scroll of amnesia
 v - 3 scrolls of vulnerability
 w - 3 scrolls of fog
 y - a scroll of fear
 B - 2 scrolls of magic mapping
 F - 2 scrolls of enchant weapon
 G - a scroll of blinking
 J - a scroll of identify
Potions
 a - 2 potions of magic
 i - 2 potions of invisibility
 m - 2 potions of curing
 p - 4 potions of heal wounds
 r - 2 potions of flight
 z - a potion of cancellation
 A - a potion of resistance


   Skills:
 + Level 4.5 Fighting
 + Level 1.1 Short Blades
 + Level 7.2 Staves
 + Level 5.4 Dodging
 + Level 2.8 Stealth
 + Level 0.1 Unarmed Combat
 + Level 8.1 Spellcasting
 + Level 1.8 Summonings
 + Level 9.0 Ice Magic
 + Level 0.7 Evocations


You had 14 spell levels left.
You knew the following spells:

 Your Spells              Type           Power      Damage    Failure   Level
a - Freeze                Ice            100%       1d10      1%          1
b - Frozen Ramparts       Ice            100%       1d16      1%          3
c - Ozocubu's Armour      Ice            56%        N/A       1%          3
d - Summon Ice Beast      Ice/Summ       40%        N/A       11%         4

Your spell library contained the following spells:

 Spells                   Type           Power      Damage    Failure   Level
 Call Imp                 Summ           14%        N/A       7%          2
 Beastly Appendage        Tmut           14%        N/A       10%         1
 Magic Dart               Conj           28%        1d4       10%         1
 Static Discharge         Conj/Air       14%        2-3/arc   14%         2
 Sublimation of Blood     Necr           7%         N/A       14%         2
 Wereblood                Tmut           7%         N/A       14%         2
 Mephitic Cloud           Conj/Pois/Air  7%         N/A       28%         3
 Spider Form              Tmut/Pois      7%         N/A       28%         3
 Tukima's Dance           Hex            7%         N/A       28%         3
 Vhi's Electric Charge    Tloc/Air       14%        N/A       28%         3
 Passage of Golubria      Tloc           7%         N/A       67%         4
 Arcjolt                  Conj/Air       3%         1d13      95%         5
 Lightning Bolt           Conj/Air       3%         1d15      95%         5
 Yara's Violent Unravell  Hex/Tmut       3%         3d4       95%         5
 Summon Hydra             Summ           7%         N/A       100%        7


Dungeon Overview and Level Annotations

Branches:
Dungeon (8/15)             Temple (0/1) D:5            Lair (1/5) D:8
Ossuary (visited)

Altars:
Ru
Sif Muna
The Shining One

Annotations:
D:5 2 runed translucent doors


Innate Abilities, Weirdness & Mutations

Your dull iron-grey scales are very hard. (AC +12)
You are amphibious.
You cannot fit into any form of body armour.
You are cold-blooded and may be slowed by cold attacks.
You have a somewhat thin skeletal structure. (Dex +2, Stealth+)
Your flesh is heat resistant. (rF+)
Your magical capacity is low. (-10% MP)


Message History

A cane toad comes into view.
The cane toad is attracted toward you.
The cane toad croaks.
You hear an angry hiss.
A komodo dragon comes into view.
The cane toad misses you. The cane toad is attracted toward you.
The komodo dragon is attracted toward you.
The cane toad attacks as you move away! The cane toad closely misses you.
The komodo dragon is attracted toward you.
The cane toad is attracted toward you.
The komodo dragon attacks as you move away!
The komodo dragon bites you! The cane toad attacks as you move away!
The cane toad misses you. The cane toad barely misses you.
You see here 10 gold pieces.
You open the door. The cane toad closely misses you. The cane toad stings you!
The cane toad barely misses you.
There is an open door here.
Found 15 gold pieces.
The cane toad barely misses you. The cane toad stings you.
The komodo dragon barely misses you.
You see here a +0 robe.
The cane toad attacks as you move away! The cane toad stings you.
You are poisoned.
The cane toad poisons you!
You feel very sick. The cane toad closely misses you.
The cane toad attacks as you move away! The cane toad stings you!
You are more poisoned.
The cane toad poisons you! The cane toad attacks as you move away!
The cane toad stings you!
* * * LOW HITPOINT WARNING * * *
You feel extremely sick.
The cane toad stings you but does no damage.
The komodo dragon attacks as you move away!
The komodo dragon bites you!
* * * LOW HITPOINT WARNING * * *
The cane toad attacks as you move away! The cane toad stings you.
* * * LOW HITPOINT WARNING * * *
You are more poisoned.
The cane toad poisons you!
You die...

##.........##...#..##..
..
#.........#...........
...
#...................#
##+ .......#..$......#
.. ........##'..#####.
.. ...........[.......
. .ยง........lFF......
########........
#@....... #........
#..#.#### #..### #..#
#..# #..# #..#


You could see a komodo dragon and 2 cane toads.

Vanquished Creatures
  Pikel (D:5)
  A cane toad (Lair:1)
  A komodo dragon (Lair:1)
  A hornet (D:7)
  4 blink frogs (Lair:1)
  Sigmund (D:5)
  A wyvern (D:8)
  2 yaks (D:5)
  Edmund (D:5)
  3 orc warriors
  A sky beast (D:7)
  4 wolves (Lair:1)
  3 ogres
  4 lemures (D:5)
  A kobold brigand (D:7)
  A gnoll sergeant (D:4)
  4 bullfrogs
  2 necrophages
  2 scorpions
  2 wights (D:6)
  5 hounds
  2 jellies
  An orc priest (D:5)
  An iguana (D:5)
  Ijyb (D:5)
  6 orc wizards
  3 mummies (Ossuary)
  5 gnolls
  7 adders
  A shadow imp (D:5)
  3 ufetubi (D:5)
  3 adder zombies (Ossuary)
  4 worms
  5 dart slugs
  14 orcs
  6 ball pythons
  4 endoplasms (D:1)
  4 giant cockroaches
  2 gnoll zombies (Ossuary)
  A goblin (D:4)
  6 hobgoblins
  7 kobolds
  4 quokkas
  8 bats
  5 frilled lizards
  A goblin zombie (Ossuary)
  7 kobold zombies (Ossuary)
  A quokka zombie (Ossuary)
  A rat (D:2)
  4 rat zombies (Ossuary)
162 creatures vanquished.

Vanquished Creatures (collateral kills)
  A cane toad (Lair:1)
  A komodo dragon (D:8)
  A sky beast (D:7)
  A centaur (D:5)
  A gnoll bouda (D:7)
  2 gnolls (D:7)
  An orc (D:5)
8 creatures vanquished.

Vanquished Creatures (others)
  2 fungi
  3 plants (D:8)
5 creatures vanquished.

Grand Total: 175 creatures vanquished

Notes
Turn   | Place    | Note
-------+----------+-------------------------------------------
     0 | D:1      | MuteSongbird the Draconian Ice Elementalist began the quest
                  | for the Orb.
     0 | D:1      | Reached XP level 1. HP: 14/14 MP: 3/3
   188 | D:1      | Reached XP level 2. HP: 20/20 MP: 3/5
   354 | D:1      | Found a faded altar of an unknown god.
   364 | D:1      | Prayed at the altar of an unknown god.
   364 | D:1      | Became a worshipper of the Shining One
   364 | D:1      | Reached * piety under the Shining One
   797 | D:2      | Reached XP level 3. HP: 27/27 MP: 4/6
   885 | D:2      | Learned a level 3 spell: Frozen Ramparts
   973 | D:2      | Reached skill level 1 in Short Blades
  1640 | D:3      | Reached skill level 1 in Staves
  1640 | D:3      | Reached XP level 4. HP: 18/34 MP: 7/7
  1665 | D:3      | Learned a level 3 spell: Ozocubu's Armour
  1964 | D:3      | Reached XP level 5. HP: 39/39 MP: 8/8
  1968 | D:3      | Gained mutation: Your magical capacity is low. (-10% MP)
                  | [potion of mutation]
  1968 | D:3      | Gained mutation: Your flesh is heat resistant. (rF+)
                  | [potion of mutation]
  1968 | D:3      | Gained mutation: You have a somewhat thin skeletal
                  | structure. (Dex +2, Stealth+) [potion of mutation]
  2415 | D:4      | Reached skill level 5 in Ice Magic
  2481 | D:4      | Found a sand-covered staircase.
  2504 | Ossuary  | Entered an ossuary
  2504 | Ossuary  | Reached ** piety under the Shining One
  2519 | Ossuary  | Reached skill level 1 in Fighting
  2519 | Ossuary  | Reached XP level 6. HP: 47/47 MP: 7/9
  2636 | Ossuary  | Reached *** piety under the Shining One
  2736 | D:4      | You fall into a shaft and drop 2 floors!
  2802 | D:6      | Learned a level 4 spell: Summon Ice Beast
  2917 | D:5      | Entered Level 5 of the Dungeon
  2953 | D:5      | Noticed Sigmund
  2961 | D:5      | Killed Sigmund
  2962 | D:5      | Your scales start taking on a dull iron-grey colour.
  2962 | D:5      | Reached XP level 7. HP: 33/52 MP: 8/11
  2984 | D:5      | Found a staircase to the Ecumenical Temple.
  3034 | D:5      | Noticed Edmund
  3036 | D:5      | Found a sacrificial altar of Ru.
  3049 | D:5      | Killed Edmund
  3050 | D:5      | Reached skill level 6 in Ice Magic
  3065 | D:5      | Noticed Ijyb
  3076 | D:5      | Killed Ijyb
  3363 | D:5      | Reached XP level 8. HP: 52/60 MP: 13/13
  3409 | D:5      | Reached skill level 5 in Spellcasting
  3489 | D:5      | Found a large runed translucent door.
  3489 | D:5      | Found a large runed translucent door.
  3598 | D:5      | Found a large runed translucent door.
  3599 | D:5      | Found a large runed translucent door.
  3665 | D:5      | Reached skill level 5 in Staves
  3730 | D:5      | Noticed Pikel
  3739 | D:5      | Killed Pikel
  3740 | D:5      | Reached skill level 7 in Ice Magic
  3740 | D:5      | Reached XP level 9. HP: 59/68 MP: 16/16
  3895 | D:6      | Found a shimmering blue altar of Sif Muna.
  4072 | D:6      | Reached **** piety under the Shining One
  4293 | D:7      | Reached skill level 1 in Summonings
  4608 | D:7      | Found a glowing golden altar of the Shining One.
  5304 | D:8      | Found a staircase to the Lair.
  5305 | D:8      | Noticed a komodo dragon
  5330 | D:8      | Killed a komodo dragon
  5331 | D:8      | Reached skill level 8 in Ice Magic
  5331 | D:8      | Reached XP level 10. HP: 57/79 MP: 15/18
  5344 | Lair:1   | Entered Level 1 of the Lair of Beasts
  5369 | Lair:1   | Reached skill level 5 in Dodging
  5391 | Lair:1   | Noticed a cane toad
  5402 | Lair:1   | Killed a cane toad
  5413 | Lair:1   | Noticed a cane toad
  5420 | Lair:1   | Killed a cane toad
  5474 | Lair:1   | Reached skill level 9 in Ice Magic
  5509 | Lair:1   | Noticed a cane toad
  5511 | Lair:1   | Noticed a cane toad
  5523 | Lair:1   | Succumbed to a cane toad's poison

Illustrated notes

Levels and vault maps discovered:
D:1:      psy_arrival_statuary, layout_basic, basic_ecumenical_altar
D:2:      layout_loops_corners, serial_bayou, serial_bayou_crossing,
          serial_bayou_lake_a, serial_bayou_pond_e, serial_bayou_pond_d
D:3:      layout_basic
D:4:      layout_basic, enter_ossuary_1, minmay_pentomino_pile
D:5:      layout_basic, kennysheep_little_box,
          mainiacjoe_overflow_six_doors_small, minmay_temple_entry_waves,
          minmay_hollow_rounded_squares, uniq_crazy_yiuf_cottage, uniq_edmund,
          uniq_pikel, uniq_sigmund, uniq_ijyb
D:6:      layout_layer_cave, mainiacjoe_overflow_24_doors
D:7:      layout_layer_cave, tso_altar, chequers_serial_rivers_marsh
D:8:      layout_basic, david_lair_shrubbed, eino_tiny_chamber,
          lemuel_flamethrower_1
Lair:1:   layout_chaotic_city, grunt_megastairs_1, uniq_erica

Skill      XL: |  1  2  3  4  5  6  7  8  9 10 |
---------------+-------------------------------+-----
Dodging        | 2 3 4 5 |  5.4
Short Blades   | 1 |  1.1
Staves         | 1 2 3 5 6 7 |  7.2
Ice Magic      | 5 6 7 8 9 |  9.0
Stealth        | 2 |  2.8
Spellcasting   | 3 4 6 7 8 |  8.1
Fighting       | 1 2 4 |  4.5
Summonings     | 1 |  1.8
Unarmed Combat | |  0.1
Evocations     | |  0.7

Action                   |  1- 3 |  4- 6 |  7- 9 | 10-12 || total
-------------------------+-------+-------+-------+-------++-------
Melee: Unarmed           |    15 |       |       |       ||    15
       Tailslap          |    10 |    12 |    31 |     5 ||    58
       Dagger            |     9 |       |       |       ||     9
       Quarterstaff      |    29 |    86 |   143 |    16 ||   274
 Cast: Freeze            |    28 |    44 |    61 |    10 ||   143
       Frozen Ramparts   |     3 |     3 |    10 |     3 ||    19
       Ozocubu's Armour  |       |     3 |     5 |     2 ||    10
       Summon Ice Beast  |       |     1 |     6 |     1 ||     8
Evoke: Wand              |       |     1 |     4 |       ||     5
  Use: Potion            |     4 |     5 |       |     2 ||    11
       Scroll            |     5 |     6 |     3 |       ||    14
Armor: Skin              |    15 |    25 |    78 |     7 ||   125
Dodge: Dodged            |    61 |   134 |   188 |    34 ||   417

Table legend: (Time is in decaauts)
 A = Elapsed time spent in this place.
 B = Non-inter-level travel time spent in this place.
 C = Inter-level travel time spent in this place.
 D = Time resting spent in this place.
 E = Time spent auto-exploring this place.
 F = Levels seen in this place.
 G = Mean time per level.
                   A        B        C        D        E       F      G
               +--------+--------+--------+--------+--------+-----+--------+
         Total |   5628 |   5417 |    211 |      0 |      0 |  10 |  562.8 |
       Dungeon |   5214 |   5003 |    211 |      0 |      0 |   8 |  651.8 |
          Lair |    185 |    185 |      0 |      0 |      0 |   1 |  185.0 |
       Ossuary |    229 |    229 |      0 |      0 |      0 |   1 |  229.0 |
               +--------+--------+--------+--------+--------+-----+--------+

Top non-repeatable levels by time:
     D:5: 822 daAuts
     D:7: 809 daAuts
     D:2: 790 daAuts
     D:1: 778 daAuts
     D:3: 725 daAuts
     D:6: 526 daAuts
     D:4: 414 daAuts
     D:8: 348 daAuts
 Ossuary: 229 daAuts
  Lair:1: 185 daAuts
